 Dungeon Crawl Stone Soup version 0.31-a0-1074-g0b22e4e0f1 (webtiles) character file.

Game seed: 17391653290168880950

4126 Dirtsage the Carver (level 10, -4/65 (70) HPs)
             Began as a Demonspawn Monk on Nov 26, 2023.
             Was a Priest of Wu Jian.
             Slain by an orc warrior
             ... wielding a +2 halberd of electrocution
              (17 damage)
             ... in a bailey.
             The game lasted 00:17:50 (7252 turns).

Dirtsage the Carver (Demonspawn Monk)               Turns: 7252, Time: 00:17:51

HP:   -4/65 (70)    AC:  7    Str: 13    XL:     10   Next: 6%
MP:   10/10         EV: 10    Int: 11    God:    Wu Jian [***...]
Gold: 359           SH:  0    Dex: 19    Spells: 9/9 levels left

rFire   . . .        r - +3 falchion (pain)
rCold   . . .        d - orb {light}
rNeg    . . .        x - +0 scale mail
rPois   .            (helmet unavailable)
rElec   .            b - +0 cloak
rCorr   .            (no gloves)
SInv    .            (no boots)
Will    .....        (no amulet) Stlth
                     (no ring)
HPRegen 0.30/turn    (no ring)
MPRegen 0.12/turn

%: no passive effects
@: glowing, studying Hexes, drained
A: horns 3, ignite blood 1, powered by death 1
a: Renounce Religion, Wall Jump, Serpent's Lash


You were in a bailey.
You worshipped Wu Jian.
Wu Jian was most pleased with you.
You visited 2 branches of the dungeon, and saw 9 of its levels.
You also visited: Sewer and Bailey.

You collected 379 gold pieces.
You spent 20 gold pieces at shops.

Inventory:

Hand Weapons
 a - a +0 falchion
 n - a +2 dagger of venom
 r - a +3 falchion of pain (weapon)
Missiles
 f - 5 curare-tipped darts
 F - a throwing net
Armour
 b - a +0 cloak (worn)
 d - an orb of light (worn)
 x - a +0 scale mail (worn)
Jewellery
 p - a ring of fire
Wands
 B - a wand of flame (25)
 G - a wand of charming (11)
Scrolls
 c - a scroll of enchant weapon
 e - 3 scrolls of enchant armour {unknown}
 g - a scroll of fear {unknown}
 i - 4 scrolls of identify
 k - 2 scrolls of fog
 t - 2 scrolls of teleportation
 v - a scroll of amnesia
 y - a scroll of noise
 C - a scroll of blinking {unknown}
 E - 2 scrolls of vulnerability {unknown}
Potions
 h - 2 potions of might {unknown}
 j - 2 potions of degeneration {unknown}
 m - a potion of invisibility {unknown}
 o - 3 potions of mutation {unknown}
 q - 5 potions of curing
 s - 2 potions of enlightenment
 u - 3 potions of resistance {unknown}
 w - a potion of berserk rage {unknown}
 z - a potion of cancellation {unknown}
 A - 2 potions of lignification {unknown}


   Skills:
 - Level 3.0 Fighting
 + Level 13.5 Long Blades
 - Level 2.6 Dodging


You had 9 spell levels left.
You didn't know any spells.
Your spell library contained the following spells:

 Spells                   Type           Power      Damage    Failure   Level
 Kiss of Death            Conj/Necr      0%         2d5       87%         1
 Blink                    Tloc           0%         N/A       95%         2
 Lesser Beckoning         Tloc           0%         N/A       95%         2
 Momentum Strike          Conj/Tloc      0%         3d8       95%         2
 Confusing Touch          Hex            0%         N/A       99%         3
 Dispel Undead            Necr           0%         3d6       100%        4


Dungeon Overview and Level Annotations

Branches:
Dungeon (8/15)             Temple (1/1) D:5           Sewer (visited)
 Bailey (1/1)
   Lair: D:8-11

Altars:
Cheibriados
Dithmenos
Fedhas
Gozag
Hepliaklqana
Kikubaaqudgha
Makhleb
Nemelex Xobeh
Okawaru
Qazlal
Ru
Sif Muna
Trog
Uskayaw
Vehumet
Wu Jian
Xom
Yredelemnul

Shops:
D:4 *

Annotations:
D:8 Pikel


Innate Abilities, Weirdness & Mutations

You have a pair of large horns on your head.
Your demonic aura sometimes causes spilled blood to erupt in flames.
You regenerate a little health from kills.


Message History

Items here: )) ††.
You lunge at the orc warrior.
You hit the orc warrior but do no damage.
The orc warrior hits you with a +2 halberd of electrocution!
The gnoll barely misses you.
There is an open door, spattered with blood here.
You take 12 damage, and have 43/67 hp.
You slash the orc warrior! You headbutt the orc warrior.
The orc warrior is heavily wounded.
The orc warrior barely misses you. The gnoll misses you.
You hit the orc warrior but do no damage.
The orc warrior is heavily wounded.
The orc warrior hits you with a +2 halberd of electrocution!
You take 14 damage, and have 29/67 hp.
MASSIVE DAMAGE!!
You barely miss the orc warrior. Your headbutt misses the orc warrior.
The orc warrior is heavily wounded.
The gnoll barely misses you.
You hit the orc warrior but do no damage.
The orc warrior is heavily wounded.
The orc warrior closely misses you.
The gnoll hits you from afar with a +1 halberd of draining.
You feel drained.
You take 6 damage, and have 24/66 hp.
You hit the orc warrior but do no damage.
The orc warrior is heavily wounded.
You barely miss the orc warrior.
The orc warrior is heavily wounded.
The orc warrior hits you with a +2 halberd of electrocution!
* * * LOW HITPOINT WARNING * * *
You are electrocuted!
* * * LOW HITPOINT WARNING * * *
The gnoll hits you but does no damage.
You feel drained.
You take 22 damage, and have 2/65 hp.
MASSIVE DAMAGE!!
You feel much better.
The orc warrior hits you with a +2 halberd of electrocution!
* * * LOW HITPOINT WARNING * * *
The gnoll barely misses you.
You regained 10 hp, and now have 12/65 hp.
The orc warrior hits you from afar with a +2 halberd of electrocution!
You die...

#.###.###.#g#
##'##'##'###+
+##+
##.....##
!.!#
###.....###
!.!.#
#.'..⌠..')#
g⌠.!+
###.....###
.!.!
##.....## #!.
#'##'##'###g#
#)###)###@'o#
## ### #####


You could see an orc warrior and a gnoll.

Vanquished Creatures
  A two-headed ogre (D:7)
  Maurice (D:8)
  Grinder (D:4)
  Prince Ribbit (D:5)
  Edmund (D:5)
  Menkaure (D:5)
  An ice beast (D:6)
  A black bear (D:4)
  A sky beast (D:7)
  An orc warrior (D:7)
  An ogre (D:5)
  2 centaurs (D:5)
  2 phantoms
  2 kobold brigands (Sewer)
  2 bullfrogs
  5 scorpions
  A killer bee (D:5)
  3 hounds
  2 jellies
  5 orc priests
  2 gnoll boudas
  Terence (D:3)
  A sleepcap (D:5)
  5 iguanas
  7 orc wizards
  Robin (D:2)
  22 gnolls
  5 adders
  2 shadow imps
  2 ufetubi (D:5)
  A worm (D:3)
  2 dart slugs
  36 orcs
  4 bats
  8 endoplasms
  3 giant cockroaches
  17 goblins
  17 hobgoblins
  5 jackals
  12 kobolds
  10 quokkas
  5 ball pythons
  2 frilled lizards (D:3)
  9 rats
214 creatures vanquished.

Notes
Turn   | Place    | Note
-------+----------+-------------------------------------------
     0 | D:1      | Dirtsage the Demonspawn Monk began the quest for the Orb.
     0 | D:1      | Reached XP level 1. HP: 18/18 MP: 1/1
    56 | D:1      | Reached skill level 3 in Long Blades
   110 | D:1      | Gained mutation: You have a pair of small horns on your
                  | head. [demonic ancestry]
   110 | D:1      | Reached XP level 2. HP: 24/24 MP: 2/2
   389 | D:1      | Reached XP level 3. HP: 29/29 MP: 3/3
   788 | D:2      | Noticed Robin
   789 | D:2      | Reached skill level 4 in Long Blades
   816 | D:2      | Killed Robin
   875 | D:2      | Reached XP level 4. HP: 27/35 MP: 4/4
  1108 | D:3      | Reached skill level 5 in Long Blades
  1112 | D:3      | Found a glowing drain.
  1136 | Sewer    | Entered a sewer
  1233 | Sewer    | Noticed a kobold brigand
  1235 | Sewer    | Noticed a kobold brigand
  1263 | Sewer    | Killed a kobold brigand
  1264 | Sewer    | Gained mutation: You regenerate a little health from kills.
                  | [demonic ancestry]
  1264 | Sewer    | Reached XP level 5. HP: 22/41 MP: 5/5
  1289 | Sewer    | Reached skill level 6 in Long Blades
  1289 | Sewer    | Gained mutation: Your demonic aura sometimes causes spilled
                  | blood to erupt in flames. [demonic ancestry]
  1289 | Sewer    | Reached XP level 6. HP: 18/47 MP: 6/6
  1658 | D:3      | Found a sacrificial altar of Ru.
  1864 | D:3      | Noticed Terence
  2277 | D:3      | Found a shadowy altar of Dithmenos.
  2311 | D:4      | Reached skill level 7 in Long Blades
  2350 | D:3      | Killed Terence
  2764 | D:4      | Found a bloodstained altar of Trog.
  2780 | D:4      | Reached XP level 7. HP: 52/52 MP: 7/7
  2976 | D:4      | Identified the +0 leather armour of the Ego {Str+3}
  3064 | D:4      | Found Weud's General Store.
  3067 | D:4      | Bought a scroll of identify for 20 gold pieces
  3124 | D:4      | Reached skill level 8 in Long Blades
  3252 | D:4      | Noticed Grinder
  3269 | D:4      | Killed Grinder
  3653 | D:5      | Entered Level 5 of the Dungeon
  3723 | D:5      | Found a staircase to the Ecumenical Temple.
  3732 | Temple   | Entered the Ecumenical Temple
  3745 | Temple   | Became a worshipper of the Wu Jian Council
  3745 | Temple   | Reached * piety under Wu Jian
  3745 | Temple   | Reached ** piety under Wu Jian
  3779 | D:5      | Noticed Prince Ribbit
  3788 | D:5      | Killed Prince Ribbit
  3789 | D:5      | Reached skill level 9 in Long Blades
  3789 | D:5      | Reached XP level 8. HP: 48/58 MP: 8/8
  3987 | D:5      | Noticed Edmund
  4009 | D:5      | Killed Edmund
  4010 | D:5      | Reached skill level 10 in Long Blades
  4326 | D:5      | Reached skill level 11 in Long Blades
  4518 | D:5      | Gained mutation: You have a pair of horns on your head.
                  | [demonic ancestry]
  4518 | D:5      | Reached XP level 9. HP: 45/63 MP: 9/9
  4613 | D:5      | Noticed Menkaure
  4616 | D:5      | Killed Menkaure
  4695 | D:5      | Identified the +3 mace of Uncertain Death {protect, rN+++
                  | Int+5 Dex-3}
  5405 | D:6      | Reached *** piety under Wu Jian
  5424 | D:6      | Reached skill level 12 in Long Blades
  6044 | D:7      | Found a hazy altar of Hepliaklqana.
  6183 | D:7      | Noticed a two-headed ogre
  6192 | D:7      | Killed a two-headed ogre
  6193 | D:7      | Reached skill level 13 in Long Blades
  6291 | D:7      | Found a burning altar of Makhleb.
  6719 | D:8      | Noticed Maurice
  6729 | D:8      | Maurice stole 290 gold
  6738 | D:8      | Maurice stole a +2 dagger of venom
  6741 | D:8      | Killed Maurice
  6742 | D:8      | Gained mutation: You have a pair of large horns on your
                  | head. [demonic ancestry]
  6742 | D:8      | Reached XP level 10. HP: 64/70 MP: 7/10
  6854 | D:8      | Noticed Pikel
  6978 | D:8      | Found a flagged portal.
  6989 | Bailey   | Entered a bailey
  7250 | Bailey   | HP: 2/66 [orc warrior/+2 halberd of electrocution (12)]
  7252 | Bailey   | Slain by an orc warrior

Illustrated notes

Levels and vault maps discovered:
D:1:      matt_arrival_grand_opening, layout_rooms, serial_forest,
          infiniplex_forest_lined_room_2, infiniplex_forest_clump_large,
          infiniplex_forest_corner_2, infiniplex_forest_straight_4,
          infiniplex_forest_clump_tiny, infiniplex_forest_lined_room_2,
          infiniplex_forest_clump_long, solitary_fountain
D:2:      layout_basic, st_stairs_8, grunt_decor_mini_mirrors,
          item_on_display_a, uniq_robin
D:3:      layout_basic, mainiacjoe_overflow_24_doors,
          nicolae_dithmenos_shadow_blocks, portal_sewer_entry_f,
          kennysheep_generic_room_6, uniq_terence
D:4:      layout_loops_ring, zin_treasury, kennysheep_mini_moat, serial_shops,
          shop, uniq_grinder
D:5:      layout_gridville, mainiacjoe_overflow_brackets,
          minmay_temple_entry_junction, minmay_manual_moon, uniq_menkaure,
          uniq_edmund, uniq_prince_ribbit1
D:6:      layout_gridville
D:7:      layout_loops_corners, bloody_makhleb, mainiacjoe_overflow_catwalk,
          hangedman_decor_push, minivault_19, hangedman_decor_points
D:8:      layout_gridville, enter_bailey_4, einodemon_armed_red_devil_minivault,
          uniq_joseph, uniq_maurice, uniq_pikel
Temple:   nicolae_temple_bog_church
Bailey:   bailey_polearm_nasty_gnolls, bailey

Skill      XL: |  1  2  3  4  5  6  7  8  9 |
---------------+----------------------------+-----
Long Blades    | 3 4 5 6 7 9 11 13 | 13.5
Fighting       | |  3.0
Dodging        | |  2.6

Action                     |  1- 3 |  4- 6 |  7- 9 | 10-12 || total
---------------------------+-------+-------+-------+-------++-------
  Melee: Falchion          |    87 |   166 |   308 |    55 ||   616
         Headbutt          |     8 |    31 |    78 |    11 ||   128
  Throw: Dart              |       |       |     4 |       ||     4
Ability: Lunge             |       |       |    26 |    20 ||    46
         Whirlwind         |       |       |    72 |     5 ||    77
  Evoke: Wand              |       |       |     3 |     3 ||     6
    Use: Potion            |     1 |       |     3 |     1 ||     5
         Scroll            |       |       |     5 |       ||     5
 Armour: Leather armour    |    43 |    70 |       |       ||   113
         Scale mail        |       |     4 |   181 |    60 ||   245
  Dodge: Dodged            |    55 |    85 |   114 |    26 ||   280

Table legend: (Time is in decaauts)
 A = Elapsed time spent in this place.
 B = Non-inter-level travel time spent in this place.
 C = Inter-level travel time spent in this place.
 D = Time resting spent in this place.
 E = Time spent auto-exploring this place.
 F = Levels seen in this place.
 G = Mean time per level.
                   A        B        C        D        E       F      G
               +--------+--------+--------+--------+--------+-----+--------+
         Total |   7257 |   6911 |    346 |    207 |   5233 |  11 |  659.7 |
       Dungeon |   6616 |   6282 |    334 |    147 |   4868 |   8 |  827.0 |
        Temple |     26 |     14 |     12 |      0 |      0 |   1 |   26.0 |
         Sewer |    356 |    356 |      0 |      0 |    259 |   1 |  356.0 |
        Bailey |    258 |    258 |      0 |     60 |    105 |   1 |  258.0 |
               +--------+--------+--------+--------+--------+-----+--------+

Top non-repeatable levels by time:
     D:5: 1363 daAuts
     D:7: 966 daAuts
     D:4: 939 daAuts
     D:3: 926 daAuts
     D:2: 892 daAuts
     D:6: 736 daAuts
     D:1: 582 daAuts
   Sewer: 356 daAuts
  Bailey: 258 daAuts
     D:8: 209 daAuts
  Temple: 26 daAuts
